 Seeded DCSS version 0.30.1-3-gfc49f6343a (webtiles) character file.

Game seed: 6351066067085065685 (custom seed)

2321 Esekla the Thaumaturge (level 9, -3/45 HPs)
             Began as a Deep Elf Necromancer on Aug 10, 2023.
             Was a Priest of Vehumet.
             Slain by Menkaure (19 damage)
             ... on level 7 of the Dungeon.
             The game lasted 00:28:47 (5773 turns).

Esekla the Thaumaturge (Deep Elf Necromancer)       Turns: 5773, Time: 00:28:47

Health: -3/45      AC:  4    Str:  5    XL:     9   Next: 18%
Magic:  23/23      EV: 15    Int: 25    God:    Vehumet [***...]
Gold:   401        SH:  0    Dex: 18    Spells: 15/25 levels left

rFire   . . .        m - +5 rapier of the Hero {heavy, rN+ Dex+3}
rCold   . . .        (no shield)
rNeg    + . .        a - +0 robe
rPois   .            h - +0 helmet
rElec   .            (no cloak)
rCorr   .            j - +0 pair of gloves
SInv    .            (no boots)
Will    .....        y - amulet of magic regeneration
Stlth   +++          (no ring)
HPRegen 0.27/turn    (no ring)
MPRegen 0.58/turn

%: no passive effects
@: no status effects
A: no striking features
a: Renounce Religion


You were on level 7 of the Dungeon.
You worshipped Vehumet.
Vehumet was most pleased with you.
You visited 1 branch of the dungeon, and saw 8 of its levels.

You collected 401 gold pieces.

Inventory:

Hand Weapons
 c - a +0 scimitar
 m - the +5 rapier of the Hero (weapon) {heavy, rN+ Dex+3}
   (You found it on level 3 of the Dungeon)

   Dex:       It affects your dexterity (+3).
   rN:        It protects you from negative energy.
 r - a +4 trident of venom
Missiles
 s - 22 poisoned darts (quivered)
 F - 2 throwing nets
Armour
 a - a +0 robe (worn)
 h - a +0 helmet (worn)
 j - a +0 pair of gloves (worn)
 G - a +0 buckler
Jewellery
 y - an amulet of magic regeneration (around neck)
Wands
 t - a wand of roots (17)
 B - a wand of flame (14)
Scrolls
 e - 2 scrolls of fear
 l - a scroll of immolation {unknown}
 o - 2 scrolls of fog {unknown}
 p - 8 scrolls of identify {unknown}
 u - a scroll of enchant armour {unknown}
 v - 2 scrolls of amnesia {unknown}
 w - a scroll of silence {unknown}
 x - 3 scrolls of enchant weapon {unknown}
 A - a scroll of magic mapping {unknown}
 C - a scroll of poison {unknown}
 D - a scroll of teleportation {unknown}
 E - 2 scrolls of blinking {unknown}
Potions
 b - a potion of magic
 d - 3 potions of ambrosia {unknown}
 f - a potion of haste {unknown}
 g - a potion of mutation {unknown}
 i - 4 potions of curing
 k - 5 potions of attraction {unknown}
 n - 3 potions of brilliance {unknown}
 q - 2 potions of heal wounds {unknown}
 z - a potion of lignification {unknown}


   Skills:
 + Level 4.0 Short Blades
 + Level 0.5 Throwing
 * Level 5.4 Dodging
 + Level 4.3 Stealth
 * Level 0.1 Shields
 * Level 8.9 Spellcasting
 * Level 8.3 Necromancy
 * Level 2.5 Translocations
 + Level 2.1 Ice Magic
 * Level 3.0 Air Magic
 * Level 3.2 Poison Magic


You had 15 spell levels left.
You knew the following spells:

 Your Spells              Type           Power      Damage    Failure   Level
a - Necrotise             Necr           100%       1d9       1%          1
b - Freeze                Ice            84%        1d9       1%          1
d - Vampiric Draining     Necr           52%        2d9       1%          3
t - Teleport Other        Tloc           23%        N/A       6%          3
v - Poisonous Vapours     Pois/Air       52%        N/A       1%          2

Your spell library contained the following spells:

 Spells                   Type           Power      Damage    Failure   Level
 Hailstorm                Conj/Ice       16%        3d6       3%          3
 Animate Dead             Necr           52%        N/A       1%          4
 Lesser Beckoning         Tloc           46%        N/A       3%          2
 Agony                    Necr           52%        N/A       4%          5
 Gell's Gravitas          Tloc           23%        N/A       6%          3
 Spider Form              Tmut/Pois      19%        N/A       9%          3
 Cause Fear               Hex            5%         N/A       50%         4
 Summon Mana Viper        Hex/Summ       11%        N/A       83%         5


Dungeon Overview and Level Annotations

Branches:
Dungeon (8/15)             Temple (0/1) D:6
   Lair: D:8-11

Altars:
Dithmenos
Fedhas
Hepliaklqana
Okawaru
Qazlal
Trog
Vehumet
Zin
The Shining One

Shops:
D:2 =   D:4 (

Annotations:
D:7 Menkaure


Message History

The bullfrog hits you. The bullfrog closely misses you.
Casting: Vampiric Draining (safe; 1% risk of failure)
Confirm with . or Enter, or press ? or * to list all spells.
Aiming: Vampiric Draining (safe; 1% risk of failure)
Press: ? - help, Shift-Dir - straight line, f - bullfrog
Aim: a bullfrog (heavily wounded)
You draw life force from the bullfrog!
You kill the bullfrog!
Vehumet accepts your kill.
You feel life coursing into your body.
Your Short Blades skill increases to level 4!
The gnoll shouts!
You hit the gnoll.
The gnoll is moderately wounded.
The gnoll misses you. The gnoll closely misses you.
You puncture the gnoll!
You kill the gnoll!
Vehumet accepts your kill.
Vehumet is now aiding your destructive spells.
Okay, then.
HP restored.
You see here a bullfrog corpse.
k - 5 bubbling green potions (gained 2)
Found 6 stones.
Found a stone staircase leading down.
Found a scroll labelled EGUZUT XAHEGAJ.
Found 3 scrolls labelled LIXOR VONLAKI.
You see here 6 stones.
Menkaure, Prince of Dust comes into view.
Found a scroll labelled OVUGHE LOEQ.
You barely miss Menkaure. Menkaure hits you.
You hit Menkaure.
Menkaure is lightly damaged.
Menkaure hits you! x2
You hit Menkaure.
Menkaure is heavily damaged.
Menkaure hits you.
You puncture Menkaure!
Menkaure is almost destroyed.
Menkaure hits you!!
You die...

#.#.##.#.......#
#.#....#########
#.#.########
#.##.#........#
#....(........#
####>.........#
####.......#
##.......#
#.@......#
#.M.....?#
#....?...#
#........#
#....?...#
#.######## .. ##


You could see Menkaure.

Vanquished Creatures
  Pikel (D:7)
  An ice beast (D:6)
  A sky beast (D:6)
  A black bear (D:6)
  An ogre (D:5)
  A centaur (D:7)
  A phantom (D:7)
  A lemure (D:5)
  Blork the orc (D:6)
  A kobold brigand (D:6)
  A gnoll sergeant (D:6)
  A bullfrog (D:7)
  2 scorpions (D:5)
  A quasit (D:8)
  A gnoll bouda (D:4)
  5 hounds
  A jelly (D:6)
  3 orc priests (D:8)
  A sleepcap (D:5)
  5 iguanas
  2 orc wizards
  15 gnolls
  9 adders
  2 shadow imps (D:8)
  5 white imps
  3 ufetubi
  A worm (D:4)
  3 dart slugs
  25 orcs
  6 ball pythons
  4 endoplasms
  8 goblins
  5 hobgoblins
  A quokka (D:1)
  4 bats
  4 frilled lizards
  12 kobolds
  A rat (D:2)
141 creatures vanquished.

Notes
Turn   | Place    | Note
-------+----------+-------------------------------------------
     0 | D:1      | Esekla the Deep Elf Necromancer began the quest for the
                  | Orb.
     0 | D:1      | Reached XP level 1. HP: 10/10 MP: 6/6
    94 | D:1      | Reached skill level 5 in Necromancy
   347 | D:4      | Found an iron altar of Okawaru.
   400 | D:4      | Found a glowing silver altar of Zin.
   418 | D:4      | Found a radiant altar of Vehumet.
   422 | D:4      | Became a worshipper of Vehumet
   529 | D:3      | Reached XP level 2. HP: 10/15 MP: 8/8
   598 | D:3      | Identified the +5 rapier of the Hero {heavy, rN+ Dex+3}
   670 | D:2      | Found Renulab's Jewellery Shop.
   822 | D:1      | Reached XP level 3. HP: 19/19 MP: 9/9
   836 | D:1      | Learned a level 3 spell: Vampiric Draining
  1188 | D:2      | Reached XP level 4. HP: 9/24 MP: 2/11
  1227 | D:2      | Noticed a black bear
  1250 | D:2      | Found a faded altar of an unknown god.
  1289 | D:2      | Reached * piety under Vehumet
  1289 | D:2      | Offered knowledge of Freeze by Vehumet.
  1290 | D:2      | Reached skill level 1 in Short Blades
  1295 | D:2      | Learned a level 1 spell: Freeze
  1651 | D:3      | Found a stormy altar of Qazlal.
  1653 | D:3      | Found a bloodstained altar of Trog.
  1655 | D:3      | Found a hazy altar of Hepliaklqana.
  1667 | D:3      | Reached skill level 1 in Ice Magic
  1667 | D:3      | Reached XP level 5. HP: 15/28 MP: 12/12
  2418 | D:4      | Reached XP level 6. HP: 31/32 MP: 14/14
  2546 | D:4      | Found a glowing golden altar of the Shining One.
  2574 | D:4      | Offered knowledge of Poisonous Vapours by Vehumet.
  2578 | D:4      | Learned a level 2 spell: Poisonous Vapours
  2691 | D:4      | Found Ponaysk's Antique Weapon Boutique.
  2813 | D:5      | Entered Level 5 of the Dungeon
  2865 | D:5      | Found a shadowy altar of Dithmenos.
  2896 | D:5      | Reached ** piety under Vehumet
  2917 | D:5      | Got the Parchment of the Lumpy Olives
  3041 | D:5      | Reached skill level 1 in Poison Magic
  3304 | D:5      | Reached skill level 5 in Spellcasting
  3304 | D:5      | Reached skill level 1 in Air Magic
  3304 | D:5      | Reached XP level 7. HP: 36/36 MP: 16/16
  3785 | D:6      | Noticed Pikel
  3816 | D:5      | Learned a level 3 spell: Teleport Other
  3900 | D:6      | Found a staircase to the Ecumenical Temple.
  3965 | D:6      | You fall into a shaft and drop 2 floors!
  4005 | D:8      | Noticed a steam dragon
  4246 | D:8      | Reached XP level 8. HP: 41/41 MP: 19/19
  4532 | D:6      | Reached skill level 1 in Translocations
  4571 | D:6      | Found a blossoming altar of Fedhas.
  4572 | D:6      | Offered knowledge of Hailstorm by Vehumet.
  4889 | D:7      | Killed Pikel
  4890 | D:7      | Reached skill level 5 in Dodging
  5102 | D:6      | Noticed Blork the orc
  5112 | D:6      | Killed Blork the orc
  5113 | D:6      | Reached XP level 9. HP: 41/45 MP: 12/23
  5726 | D:7      | Reached *** piety under Vehumet
  5766 | D:7      | Noticed Menkaure
  5773 | D:7      | Slain by Menkaure

Illustrated notes

Levels and vault maps discovered:
D:1:      sevenhm_arrival_forest_fort_small_3, layout_rooms,
          chequers_serial_rivers_room_b, minmay_misc_feat_five
D:2:      layout_loops_ring, dreamdust_ecumenical_altar_angels_and_demons,
          serial_shops, shop
D:3:      layout_basic, grunt_temple_overflow_open, minmay_misc_feat_iff
D:4:      layout_basic, nicolae_overflow_quartered_altars, serial_shops,
          nicolae_diamond_shop
D:5:      layout_loops_ring, lemuel_doored_altar, minmay_misc_feat_rows,
          dreamdust_wishing_well
D:6:      layout_loops_cross, fedhas_altar_fruit_tree,
          minmay_temple_entry_glass, uniq_pikel, uniq_blork_the_orc
D:7:      layout_basic, uniq_menkaure, uniq_joseph, uniq_crazy_yiuf_cottage
D:8:      layout_basic, nicolae_uskayaw_dance_hall, serial_demonic,
          serial_demonic_d, serial_demonic_a, serial_demonic_c,
          serial_demonic_c, nicolae_diode_quadrants

Skill      XL: |  1  2  3  4  5  6  7  8  9 |
---------------+----------------------------+-----
Necromancy     | 5 6 7 8 |  8.3
Dodging        | 3 4 5 |  5.4
Stealth        | 3 4 |  4.3
Short Blades   | 2 3 4 |  4.0
Ice Magic      | 1 2 |  2.1
Spellcasting   | 4 5 6 8 |  8.9
Poison Magic   | 1 2 3 |  3.2
Air Magic      | 1 2 3 |  3.0
Translocations | 2 |  2.5
Throwing       | |  0.5
Shields        | |  0.1

Action                     |  1- 3 |  4- 6 |  7- 9 || total
---------------------------+-------+-------+-------++-------
  Melee: Short sword       |    35 |       |       ||    35
         Unarmed           |     9 |       |       ||     9
         Rapier            |    31 |    69 |   123 ||   223
         Punch             |       |       |     1 ||     1
  Throw: Dart              |       |     7 |     7 ||    14
   Cast: Vampiric Draining |     6 |    14 |    34 ||    54
         Poisonous Vapours |       |     2 |    31 ||    33
         Teleport Other    |       |       |     2 ||     2
  Evoke: Wand              |       |       |     1 ||     1
    Use: Scroll            |       |     1 |       ||     1
         Potion            |       |       |     3 ||     3
   Stab: Sleeping          |     5 |     9 |     4 ||    18
         Distracted        |       |     2 |       ||     2
 Armour: Robe              |    12 |    16 |    31 ||    59
  Dodge: Dodged            |    39 |    48 |   123 ||   210
